 BcadrenCrawl: Boulder Brew version 0.06-4-g7138dfb037 (webtiles) character file.

Game seed: 739929289268034206, levelgen mode: deterministic

22 petercordia the Skirmisher (level 2, -13/26 HPs) Immature Draconian Demonspawn. Began on June 17, 2022. Mangled by a gnoll ... wielding a cursed +0 spear {(Curse: Str-2)} (14 damage) ... on level 1 of the Dungeon. The game lasted 00:02:38 (256 turns).

petercordia the Skirmisher (DrDs)                    Turns: 256, Time: 00:02:39

Health: -13/26     AC:  5    Str: 16    XL:     2 ^: 9
Magic:  4/4        EV: 12    Int: 12    God:
Gold:   0          SH:  0    Dex: 10    Spells: 2/3 levels left

rFire    . . .     Slash    +   a - +0 morningstar
rCold    . . .     Pierce   x   (no weapon)
rNeg     . . .     Bludgeon .   (armour unavailable)
rCorr    . . .     Vision   .   (helmet restricted)
rPois    .         Gourm    .   (no cloak)
rElec    .         Faith    .   (no gloves)
MR       .....     Spirit   .   (no boots)
HPRegen  0.18/turn Reflect  .   (no amulet)
MPRegen  0.14/turn Harm     .   (no ring)
Stlth    ++........             (no ring)

@: short of breath
A: claws 1, deformed body 2, cold-blooded, draconic flesh, AC +5
a: Breathe Dart


You were on level 1 of the Dungeon.
You were not hungry.

You visited 1 branch of the dungeon, and saw 1 of its levels.

Inventory:

Weapons
 a - a +0 morningstar (weapon)
Comestibles
 c - a ration


   Skills:
 + Level 3.1 Fighting
 - Level 1.5 Maces & Staves
 - Level 2.4 Dodging
 - Level 1.3 Stealth
 - Level 1.3 Spellcasting
 - Level 1.5 Fire Magic
   Level 3.0 Invocations


You had 2 spell levels left.
You knew the following spells:

 Your Spells              Type           Power        Failure   Level  Hunger
a - Flame Tongue          Fire           4 (30)       16%         1    24-44

Your spell library contained the following spells:

 Spells                   Type           Power        Failure   Level  Hunger
 Slow Hex 0 (100) 28% 1 24-44 Blink Tloc N/A 41% 2 64-104 Call Imp Summ 0 (100) 41% 2 64-104 Conjure Flame Fire 4 (100) 43% 3 104-164 Mephitic Cloud Pois/Air       0 (100)      65%         3    104-164


Dungeon Overview and Level Annotations

Branches:
Dungeon (1/8)

Altars:


Innate Abilities, Weirdness & Mutations

Your plain brown scales are resilient. (AC +5)
You can breathe rudimentary magical darts.
You have sharp fingernails. (+3 Unarmed)
You cannot wear any armour on your peculiar form.
You are cold-blooded and are slowed more easily by cold attacks.
Your scales resist being cut, but it�s oddly easy to stick a small blade between them. (rSlashing+, rPiercing-)


Message History

You have got your breath back.
Breath at?
Press: ? - help, Shift-Dir - straight line, f/p - gnoll
Aim: a gnoll, wielding a cursed +0 spear {(Curse: Str-2)}, wearing a cursed ring of attention {(Curse: rC-)} and carrying a +0 hunting sling (86%, 92% to-hit, heavily wounded (8/15), 85% (Melee), 80% (Ranged))
You spit a rudimentary magic dart.
The dart hits the gnoll (4).
The gnoll is severely wounded. (4/15) HP You feel somewhat more hungry.
The gnoll hits you with a cursed +0 spear {(Curse: Str-2)} (6).
You are is perforated ruthlessly!
You barely miss the gnoll. You scratch the gnoll (1).
The gnoll is almost dead. (3/15) HP The gnoll hits you with a cursed +0 spear {(Curse: Str-2)} (6).
You are is perforated ruthlessly!
* * * LOW HITPOINT WARNING * * *
You barely miss the gnoll. You scratch the gnoll (1).
The gnoll is almost dead. (3/15) HP The gnoll hits you with a cursed +0 spear {(Curse: Str-2)} (6).
You are is perforated ruthlessly!
* * * LOW HITPOINT WARNING * * *
The gnoll barely misses you.
The gnoll hits you from afar with a cursed +0 spear {(Curse: Str-2)} (14)!
You are is perforated ruthlessly!
Ouch! That really hurt!
You die...

#......#
#.#
#.####.##
#†# # #..#
#.###
####)###
#....
##......##
#####
#....)...#
#...#♣g..#
#.g♣###..#
#..###♣@.#
#...♣#...#
#........#
##......##
###+####


You could see a gnoll.

Vanquished Creatures
  A cinder newt (D:1)
  2 dart slugs (D:1)
  4 goblins (D:1)
  2 hobgoblins (D:1)
  3 kobolds (D:1)
12 creatures vanquished.

Notes
Turn   | Place    | Note
-------+----------+-------------------------------------------
     0 | D:1      | petercordia the Immature Draconian Demonspawn began the
                  | quest for the Orb.
     0 | D:1      | Reached XP level 1. HP: 16/16 MP: 3/3
    71 | D:1      | Gained mutation: You have sharp fingernails. (+3 Unarmed)
                  | [demonic ancestry]
    71 | D:1      | Reached XP level 2. HP: 9/25 MP: 4/4
   255 | D:1      | HP: 1/26 [gnoll/cursed +0 spear {(Curse: Str-2)} (6)]
   256 | D:1      | Mangled by a gnoll

Levels and vault maps discovered:
D:1:      dpeg_arrival_orchard, layout_loops_ring, minmay_strange_pillars,
          grunt_decor_mini_mirrors, kennysheep_another_room,
          gup_sewer_entry_bowl

Skill      XL: |  1  2 |
---------------+-------+-----
Fighting       | 2 3 |  3.1
Maces & Staves | |  1.5
Dodging        | |  2.4
Stealth        | |  1.3
Spellcasting   | |  1.3
Fire Magic     | |  1.5
Invocations    | |  3.0

Action                   || total
-------------------------++-------
Melee: Morningstar       ||    17
       Unarmed           ||     8
       Peck              ||     1
 Abil: Breathe Dart      ||     7
Armor: Skin              ||     9
Dodge: Dodged            ||     6
